 Dungeon Crawl Stone Soup version 0.29-a0-344-ge2f44be95a (webtiles) character file.

Game seed: 8565256692063572953

439 ObtusePanda the Chopper (level 7, -1/58 (61) HPs)
             Began as a Hill Orc Fighter on Apr 22, 2022.
             Slain by a wight
             ... wielding a +3 flail of freezing
              (8 damage)
             ... on level 5 of the Dungeon.
             The game lasted 00:08:33 (3693 turns).

ObtusePanda the Chopper (Hill Orc Fighter)          Turns: 3693, Time: 00:08:34

HP:   -1/58 (61)    AC:  8    Str: 21    XL:     7   Next: 1%
MP:   7/7           EV: 13    Int:  8    God:
Gold: 178           SH:  4    Dex: 10    Spells: 6/6 levels left

rFire   . . .      SeeInvis .   a - +0 war axe
rCold   . . .      Faith    .   c - +0 buckler
rNeg    . . .      Spirit   .   b - +0 scale mail
rPois   .          Reflect  .   h - +1 hat
rElec   .          Harm     .   (no cloak)
rCorr   .          Rampage  .   (no gloves)
Will    .....                   (no boots)
Stlth   ..........              (no amulet)
HPRegen 0.19/turn               w - +4 ring of evasion
MPRegen 0.10/turn               x - ring of flight

@: flying, lightly drained
A: no striking features
a: no special abilities


You were on level 5 of the Dungeon.
You visited 1 branch of the dungeon, and saw 5 of its levels.

You collected 178 gold pieces.

Inventory:

Hand Weapons
 a - a +0 war axe (weapon)
 d - a +0 giant spiked club
 s - a +0 long sword
Armour
 b - a +0 scale mail (worn)
 c - a +0 buckler (worn)
 h - a +1 hat (worn)
 n - an orb of energy
Jewellery
 q - a ring of fire
 w - a +4 ring of evasion (left hand)
 x - a ring of flight (right hand)
Wands
 r - a wand of acid (7)
Scrolls
 e - 2 scrolls of teleportation {unknown}
 f - 3 scrolls of noise {unknown}
 i - 6 scrolls of identify {unknown}
 j - 2 scrolls of enchant weapon {unknown}
 k - 2 scrolls of magic mapping {unknown}
 l - 4 scrolls of blinking {unknown}
 v - a scroll of silence {unknown}
Potions
 g - 3 potions of curing {unknown}
 m - a potion of attraction {unknown}
 o - 2 potions of heal wounds
 p - a potion of ambrosia {unknown}
 t - 2 potions of degeneration {unknown}
 u - a potion of mutation {unknown}


   Skills:
 + Level 5.2 Fighting
 * Level 6.3 Axes
 + Level 4.7 Armour
 + Level 4.7 Shields


You had 6 spell levels left.
You didn't know any spells.
Your spell library contained the following spells:

 Spells                   Type           Power      Damage    Failure   Level
 Dazzling Flash           Conj/Hex       0%         N/A       99%         3
 Iskenderun's Mystic Bla  Conj/Tloc      0%         2d3       100%        4
 Starburst                Conj/Fire      0%         6d3       100%        6


Dungeon Overview and Level Annotations

Branches:
Dungeon (5/15)
 Temple: D:4-7

Altars:


Message History

You kill the howler monkey!
Ijyb zaps a wand.
The mass of ice explodes!
The iceblast engulfs you.
You hear an angry hiss.
Ijyb closely misses you.
You see here a howler monkey corpse.
You hit Ijyb but do no damage. Ijyb hits you with a +0 dagger.
You closely miss Ijyb. Ijyb completely misses you.
You closely miss Ijyb. You block Ijyb's attack.
You closely miss Ijyb. You closely miss the wight. Ijyb misses you.
The wight hits you with a +3 flail of freezing!
You feel drained. The wight freezes you. You block the wight's attack.
Ijyb hits you but does no damage.
You barely miss Ijyb. You hit the wight. Ijyb hits you but does no damage.
The wight closely misses you.
You slash Ijyb!
Ijyb is severely wounded.
You closely miss the wight. Ijyb misses you. You block the wight's attack.
You hit Ijyb.
Ijyb is almost dead.
You hit the wight.
The wight hits you with a +3 flail of freezing.
You feel drained. The wight freezes you.
* * * LOW HITPOINT WARNING * * *
Ijyb screams, "I no like you!" Ijyb hits you but does no damage.
You hit Ijyb.
You kill Ijyb!
You closely miss the wight.
The wight hits you with a +3 flail of freezing.
* * * LOW HITPOINT WARNING * * *
You feel drained.
* * * LOW HITPOINT WARNING * * *
The wight freezes you.
* * * LOW HITPOINT WARNING * * *
You have reached level 7!
The wight attacks as you move away! The wight misses you.
Items here: ) / [ †.
The wight attacks as you move away!
The wight hits you with a +3 flail of freezing!
You die...

##.#####..#...
#.#......<... ...
#..........# ...
##....>..#.# ...
#..#.#....# ...
##.#.#..####.#
#.#....# ...
#.....###.######
#......z@.......
#.....###..##....
#...... ...... #
#.....##..#####
#.#.#.##.##
#..#.#.... #.
#.## ##


You could see a wight.

Vanquished Creatures
  An ogre (D:4)
  A howler monkey (D:5)
  A hound (D:5)
  Jessica (D:2)
  Ijyb (D:5)
  An orc wizard (D:5)
  9 adders
  4 gnolls (D:3)
  A white imp (D:4)
  3 worms
  A dart slug (D:3)
  5 orcs
  6 ball pythons
  11 endoplasms
  2 giant cockroaches
  5 goblins
  6 hobgoblins
  4 jackals (D:1)
  2 quokkas
  3 bats
  3 frilled lizards
  10 kobolds
  A rat (D:3)
82 creatures vanquished.

Notes
Turn   | Place    | Note
-------+----------+-------------------------------------------
     0 | D:1      | ObtusePanda the Hill Orc Fighter began the quest for the
                  | Orb.
     0 | D:1      | Reached XP level 1. HP: 19/19 MP: 1/1
   259 | D:1      | Reached skill level 3 in Axes
   259 | D:1      | Reached XP level 2. HP: 25/27 MP: 2/2
   779 | D:2      | Reached XP level 3. HP: 18/33 MP: 3/3
   953 | D:2      | Noticed Jessica
   960 | D:2      | Killed Jessica
   961 | D:2      | Reached XP level 4. HP: 25/40 MP: 4/4
  1147 | D:2      | Reached skill level 4 in Axes
  1191 | D:2      | Found a faded altar of an unknown god.
  1880 | D:3      | Reached XP level 5. HP: 29/47 MP: 5/5
  2207 | D:3      | Reached skill level 5 in Axes
  2950 | D:4      | Reached XP level 6. HP: 31/53 MP: 6/6
  3117 | D:4      | Reached skill level 5 in Fighting
  3567 | D:5      | Entered Level 5 of the Dungeon
  3589 | D:5      | Reached skill level 6 in Axes
  3675 | D:5      | Noticed Ijyb
  3691 | D:5      | Killed Ijyb
  3692 | D:5      | Reached XP level 7. HP: 7/58 MP: 7/7
  3693 | D:5      | Slain by a wight

Illustrated notes

Levels and vault maps discovered:
D:1:      mushboom_english_gardens, layout_loops_ring
D:2:      layout_rooms, shapermc_ecumenical_altar_mp_vishouse,
          minmay_pentomino_x2, uniq_jessica
D:3:      layout_basic, portal_sewer_entry_a, dk_noncrumbling_2
D:4:      layout_rooms, kennysheep_cluttered_room,
          nicolae_concentric_dashed_squares_wild
D:5:      layout_rooms, tgw_xom, uniq_ijyb

Skill      XL: |  1  2  3  4  5  6 |
---------------+-------------------+-----
Axes           | 3 4 5 6 |  6.3
Fighting       | 4 5 |  5.2
Shields        | 4 |  4.7
Armour         | 4 |  4.7

Action                   |  1- 3 |  4- 6 |  7- 9 || total
-------------------------+-------+-------+-------++-------
Melee: War axe           |    63 |   164 |       ||   227
  Use: Potion            |       |     2 |       ||     2
Armor: Scale mail        |    34 |    82 |       ||   116
Dodge: Dodged            |    28 |    81 |     1 ||   110
Block: Buckler           |    18 |    36 |       ||    54

Table legend: (Time is in decaauts)
 A = Elapsed time spent in this place.
 B = Non-inter-level travel time spent in this place.
 C = Inter-level travel time spent in this place.
 D = Time resting spent in this place.
 E = Time spent auto-exploring this place.
 F = Levels seen in this place.
 G = Mean time per level.
                   A        B        C        D        E       F      G
               +--------+--------+--------+--------+--------+-----+--------+
         Total |   3767 |   3689 |     78 |    384 |   2247 |   5 |  753.4 |
       Dungeon |   3767 |   3689 |     78 |    384 |   2247 |   5 |  753.4 |
               +--------+--------+--------+--------+--------+-----+--------+

Top non-repeatable levels by time:
     D:3: 1074 daAuts
     D:2: 992 daAuts
     D:4: 797 daAuts
     D:1: 770 daAuts
     D:5: 131 daAuts
